 Dungeon Sprint DCSS version 0.28.0-43-g3370ac3207 (webtiles) character file.

Game seed: 5250836501905829085

5441 Groucho the Blocker (level 10, -9/105 HPs)
             Began as a Deep Dwarf Fighter on Mar 27, 2022.
             Was the Champion of Makhleb.
             Mangled by a sun demon (14 damage)
             ... in the Dungeon (Sprint VII: "The Pits").
             The game lasted 00:10:06 (3074 turns).

Groucho the Blocker (Deep Dwarf Fighter)            Turns: 3074, Time: 00:10:07

Health: -9/105     AC: 19    Str: 27    XL:     10   Next: 41%
Magic:  14/14      EV: 10    Int:  9    God:    Makhleb [******]
Gold:   0          SH:  7    Dex: 12    Spells: 9/9 levels left

rFire   . . .      SeeInvis .   s - +2 war axe (vorpal)
rCold   . . .      Faith    .   c - +0 buckler
rNeg    . . .      Spirit   .   f - +2 plate armour
rPois   .          Reflect  .   (no helmet)
rElec   .          Harm     .   (no cloak)
rCorr   .          Rampage  .   (no gloves)
Will    +....      NoTele   +   b - +0 pair of boots
Stlth   ..........              (no amulet)
HPRegen 0.00/turn               o - +3 ring of strength
MPRegen 0.14/turn               k - +3 ring of evasion

@: mighty
A: damage resistance, heal wounds, sense surroundings 2, no regeneration
a: Heal Wounds, Renounce Religion, Minor Destruction, Lesser Servant of Makhleb,
Major Destruction, Greater Servant of Makhleb


You were in the Dungeon.
You worshipped Makhleb.
Makhleb was exalted by your worship.
You visited 1 branch

Inventory:

Hand Weapons
 p - a +2 vorpal flail
 s - a +2 vorpal war axe (weapon)
Missiles
 n - 13 stones
 t - a curare-tipped dart
Armour
 b - a +0 pair of boots (worn)
 c - a +0 buckler (worn)
 f - a +2 plate armour (worn)
Jewellery
 k - a +3 ring of evasion (right hand)
 o - a +3 ring of strength (left hand)
Scrolls
 l - 5 scrolls of amnesia
 m - a scroll of summoning
Potions
 a - a potion of mutation
 e - 6 potions of curing
 g - a potion of haste
 h - 4 potions of magic
 i - 4 potions of berserk rage
 r - a potion of brilliance


   Skills:
 + Level 11.2 Fighting
 + Level 13.0 Axes
 + Level 13.2 Armour
 + Level 13.2 Shields
 + Level 12.1 Invocations


You had 9 spell levels left.
You didn't know any spells.
Your spell library was empty.

Dungeon Overview and Level Annotations

Branches:
Dungeon (1/1)

Altars:
Ashenzari
Cheibriados
Dithmenos
Elyvilon
Fedhas
Gozag
Hepliaklqana
Kikubaaqudgha
Makhleb
Nemelex Xobeh
Okawaru
Qazlal
Ru
Sif Muna
Trog
Uskayaw
Vehumet
Wu Jian
Xom
Yredelemnul
Zin
The Shining One
Beogh
Jiyva
Lugonu

Annotations:
D Gastronok


Innate Abilities, Weirdness & Mutations

You are resistant to damage.
You can heal yourself by infusing magical energy.
You passively map the area around you.
You do not regenerate.


Message History

* * * LOW HITPOINT WARNING * * *
You barely miss the rime drake.
The rime drake is almost dead.
The rime drake bites you but does no damage. x2
Unknown command.
Unknown command.
You slash the rime drake!
You kill the rime drake!
Makhleb accepts your kill.
You feel better. The ice encasing you melts away.
Your Axes skill increases to level 13!
Unknown command.
You closely miss the sun demon. The sun demon hits you.
You are engulfed in flames!
* * * LOW HITPOINT WARNING * * *
Unknown command.
Okay, then.
You feel much better. The sun demon barely misses you.
Your magical essence is drained by the effort!
You feel much better. The sun demon closely misses you.
Unknown command.
Unknown command.
You slice the sun demon!!
The sun demon is heavily wounded.
The sun demon hits you but does no damage.
You slash the sun demon!
The sun demon is severely wounded.
The sun demon hits you!
You are engulfed in flames!
You hit the sun demon.
The sun demon is almost dead.
The sun demon hits you!
You are engulfed in flames!
* * * LOW HITPOINT WARNING * * *
Gastronok wobbles crazily.
You hit the sun demon.
The sun demon is almost dead.
The sun demon hits you!!
* * * LOW HITPOINT WARNING * * *
You are engulfed in flames!
You die...

.............# , * + , , ,
...#..#......#* ,* ,, *
.............+ * * , ,
.............+ * +*
...#..#......# , , ,
.............# , , , ,, ,
'#####''##### * * * * *
....##''############## ####*
....##......#...@3nb.###w..#
....##....###...###w..#...#
,,
<...##...##.+...+,##.....#**
, ....##..##..##'##, ##...##
* , ....##..#..##...##,
+...# , ....##..#..#.....#
,#3..# ######..'..+.....+
,+...+ , ,,
######..#..#.....# #...# ,
*, ...[##..#..##...##,,+n..#
,,,, ,


You could see Gastronok (swift), a sun demon, a necrophage and a bat (summoned).

Vanquished Creatures
  A boulder beetle (D)
  A hydra (D)
  A shadow wraith (D)
  An orc knight (D)
  A merfolk siren (D)
  2 rime drakes (D)
  3 blink frogs (D)
  A flying skull (D)
  A shadow (D)
  A wraith (D)
  A redback (D)
  A floating eye (D)
  An ice beast (D)
  A black bear (D)
  3 orc warriors (D)
  A necrophage (D)
  2 phantoms (D)
  A kobold brigand (D)
  2 bullfrogs (D)
  A scorpion (D)
  A crimson imp (D)
  A jelly (D)
  3 orc priests (D)
  An orc wizard (D)
  A worm (D)
  8 orcs (D)
  A giant cockroach (D)
  A goblin (D)
  2 jackals (D)
  A quokka (D)
  2 ball pythons (D)
  2 frilled lizards (D)
  A kobold (D)
  A rat (D)
53 creatures vanquished.

Notes
Turn   | Place    | Note
-------+----------+-------------------------------------------
     0 | D        | Groucho the Deep Dwarf Fighter began the quest for the Orb.
     0 | D        | Reached XP level 1. HP: 20/20 MP: 1/1
    42 | D        | Found a bloodstained altar of Trog.
    42 | D        | Found a shimmering blue altar of Sif Muna.
    42 | D        | Found a viscous altar of Jiyva.
    42 | D        | Found a hazy altar of Hepliaklqana.
    42 | D        | Found an opulent altar of Gozag.
    43 | D        | Found a glowing golden altar of the Shining One.
    43 | D        | Found a glowing silver altar of Zin.
    43 | D        | Found a basalt altar of Yredelemnul.
    43 | D        | Found a shimmering altar of Xom.
    43 | D        | Found an ornate altar of the Wu Jian Council.
    43 | D        | Found a sacrificial altar of Ru.
    43 | D        | Found a stormy altar of Qazlal.
    43 | D        | Found an iron altar of Okawaru.
    43 | D        | Found a sparkling altar of Nemelex Xobeh.
    43 | D        | Found a burning altar of Makhleb.
    43 | D        | Found a blossoming altar of Fedhas.
    43 | D        | Found a white marble altar of Elyvilon.
    43 | D        | Found a shadowy altar of Dithmenos.
    43 | D        | Found a snail-covered altar of Cheibriados.
    44 | D        | Found a radiant altar of Vehumet.
    44 | D        | Found a corrupted altar of Lugonu.
    45 | D        | Found an ancient bone altar of Kikubaaqudgha.
    45 | D        | Found a hide-covered altar of Uskayaw.
    45 | D        | Found a broken altar of Ashenzari.
    51 | D        | Became a worshipper of Makhleb the Destroyer
    80 | D        | Reached * piety under Makhleb
    95 | D        | Noticed a scorpion
   109 | D        | Killed a scorpion
   109 | D        | Reached ** piety under Makhleb
   110 | D        | Reached skill level 5 in Armour
   110 | D        | Reached skill level 5 in Shields
   110 | D        | Reached XP level 2. HP: 22/31 MP: 2/2
   110 | D        | Reached XP level 3. HP: 26/37 MP: 3/3
   111 | D        | Reached XP level 4. HP: 33/45 MP: 4/4
   520 | D        | Noticed a black bear
   545 | D        | Killed a black bear
   546 | D        | Reached skill level 5 in Fighting
   546 | D        | Reached XP level 5. HP: 29/52 MP: 5/5
   729 | D        | Noticed a phantom
   770 | D        | Reached *** piety under Makhleb
   779 | D        | Killed a phantom
   799 | D        | Reached XP level 6. HP: 55/63 MP: 6/6
   800 | D        | Noticed an ice beast
   802 | D        | Reached **** piety under Makhleb
   835 | D        | Killed an ice beast
   851 | D        | Reached ***** piety under Makhleb
   852 | D        | Reached skill level 1 in Invocations
   873 | D        | Reached XP level 7. HP: 65/72 MP: 6/8
   889 | D        | Paralysed by a floating eye for 4 turns
   897 | D        | Paralysed by a floating eye for 4 turns
   908 | D        | Paralysed by a floating eye for 4 turns
   918 | D        | Paralysed by a floating eye for 2 turns
   934 | D        | Reached skill level 5 in Invocations
  1237 | D        | Noticed a blink frog
  1237 | D        | Noticed a blink frog
  1237 | D        | Noticed a blink frog
  1244 | D        | Noticed an orc knight
  1270 | D        | Reached ****** piety under Makhleb
  1273 | D        | Reached skill level 10 in Armour
  1273 | D        | Reached skill level 10 in Shields
  1273 | D        | Reached XP level 8. HP: 33/82 MP: 11/11
  1281 | D        | Killed a blink frog
  1282 | D        | Reached skill level 10 in Axes
  1292 | D        | Killed a blink frog
  1300 | D        | Killed a blink frog
  1311 | D        | HP: 3/85 [orc knight/+0 dire flail (17)]
  1324 | D        | Killed an orc knight
  1325 | D        | Gained mutation: You passively map the area around you.
                  | [Deep Dwarf growth]
  1325 | D        | Reached XP level 9. HP: 88/92 MP: 9/11
  2148 | D        | Killed a shadow wraith
  2218 | D        | Noticed a merfolk siren
  2232 | D        | Killed a merfolk siren
  2233 | D        | Reached skill level 10 in Fighting
  2233 | D        | Reached skill level 10 in Invocations
  2361 | D        | Noticed a boulder beetle
  2377 | D        | Killed a boulder beetle
  2639 | D        | Reached XP level 10. HP: 100/103 MP: 14/14
  3044 | D        | Noticed a six-headed hydra
  3045 | D        | Noticed Gastronok
  3045 | D        | Noticed a sun demon
  3063 | D        | Killed a six-headed hydra
  3074 | D        | HP: 5/105 [sun demon (18)]
  3074 | D        | Mangled by a sun demon

Illustrated notes

Levels and vault maps discovered:
D:        pitsprint [storerooms_1, entrance_room_1, metal_vault_6, armoury_2,
          mini_pit_1, grid_room_1, main_hall_1, silver_pit, the_coven_3,
          the_vestibule_1, steel_vault_5, golden_pit, hallway_of_sentries,
          crystal_vault_3, iron_vault_2, final_vault]

Skill      XL: |  1  2  3  4  5  6  7  8  9 10 |
---------------+-------------------------------+-----
Fighting       | 4 5 6 7 8 9 10 11 | 11.2
Axes           | 4 6 7 8 9 10 12 13 | 13.0
Armour         | 5 6 7 8 10 11 12 13 | 13.2
Shields        | 5 6 7 8 10 11 12 13 | 13.2
Invocations    | 2 6 8 11 12 | 12.1

Action                   |  1- 3 |  4- 6 |  7- 9 | 10-12 || total
-------------------------+-------+-------+-------+-------++-------
Melee: War axe           |    34 |    12 |    43 |    50 ||   139
       Hand axe          |       |   105 |    97 |       ||   202
       Flail             |       |       |       |     6 ||     6
Invok: Major Destruction |       |       |     1 |       ||     1
 Abil: Heal Wounds       |       |     1 |    18 |     5 ||    24
  Use: Potion            |       |     2 |    11 |     3 ||    16
       Scroll            |       |       |     1 |       ||     1
 Stab: Invisible         |       |       |    19 |       ||    19
Armor: Scale mail        |    13 |    11 |       |       ||    24
       Plate armour      |       |    57 |    66 |    35 ||   158
Dodge: Dodged            |    19 |    28 |    42 |    29 ||   118
Block: Buckler           |     7 |    22 |    39 |    29 ||    97
